 Dungeon Sprint DCSS version 0.29-a0-993-g4a18f31a58 (webtiles) character file.

Game seed: 7943128568394495299

49879 Hubris850 the Executioner (level 14, -1/135 HPs)
             Began as a Hill Orc Monk on Aug 2, 2022.
             Was the Champion of Qazlal.
             Slain by an iron golem (28 damage)
             ... in the Dungeon (Sprint V: "Ziggurat Sprint").
             The game lasted 00:18:52 (1938 turns).

Hubris850 the Executioner (Hill Orc Monk)           Turns: 1938, Time: 00:18:53

Health: -1/135     AC: 26    Str: 27    XL:     14   Next: 52%
Magic:  0/40       EV: 11    Int: 14    God:    Qazlal [******]
Gold:   0          SH: 18    Dex: 22    Spells: 28/40 levels left

rFire   + + .      SeeInvis +   E - +14 obsidian axe {vorpal, Mesm Drain Fly SInv}
rCold   . . .      Faith    .   b - +2 buckler of Tulips {rElec MP+9 Dex+7 Stlth-}
rNeg    + . .      Spirit   +   O - +5 fire dragon scales
rPois   +          Reflect  .   a - +2 hat {Will+}
rElec   +          Harm     .   w - +2 cloak {Will+}
rCorr   .          Rampage  .   (no gloves)
Will    +++..      NoTele   +   (no boots)
Stlth   ..........              P - amulet "Kaugon" {Spirit *Slow rC++ Str+4}
HPRegen 0.32/turn               A - +6 ring of strength
MPRegen 0.27/turn               V - ring of Agnosticism {rElec rPois rC- rN+ Int+4}

@: protected from physical damage, on berserk cooldown, flying, mesmerised,
hasted and slowed, studying Short Blades, invisible (expiring), repel missiles
A: no striking features
a: Renounce Religion, Upheaval, Elemental Force, Disaster Area


You were in the Dungeon.
You worshipped Qazlal.
Qazlal was exalted by your worship.
You visited 1 branch

Inventory:

Hand Weapons
 D - the +9 heavy crossbow "Sniper" {vorpal, Acc+∞ SInv}
   (You found it in the Dungeon)

   Any ammunition fired from it inflicts extra damage upon your enemies.
   Any ammunition fired from it never misses its target.
   SInv:      It lets you see invisible.
 E - the +14 obsidian axe (weapon) {vorpal, Mesm Drain Fly SInv}
   (You found it in the Dungeon)

   It inflicts extra damage upon your enemies.
   It occasionally summons demons to assist the wielder when it strikes in
   combat.
   Its wielder is mesmerised by any visible foes.
   It cannot be unequipped while any foes are visible.
   SInv:      It lets you see invisible.
   Fly:       It grants you flight.
   Drain:     It drains your maximum health when unequipped.
 G - the +6 shillelagh "Devastator" {shatter}
   (You found it in the Dungeon)

   It releases a powerful concussive burst when it strikes, dealing extra damage
   to the target and all other foes adjacent to them.
 H - a +5 broad axe
 I - a +5 executioner's axe
 J - a +5 triple crossbow
Armour
 a - a +2 hat of willpower (worn)
 b - the +2 buckler of Tulips (worn) {rElec MP+9 Dex+7 Stlth-}
   (You found it in the Dungeon)

   Dex:       It affects your dexterity (+7).
   rElec:     It insulates you from electricity.
   MP:        It affects your magic capacity (+9).
   Stlth:     It makes you less stealthy.
 w - a +2 cloak of willpower (worn)
 F - the +18 shield of the Gong {rElec rN+ Will+ EV-5}
   (You found it in the Dungeon)

   It is deafeningly noisy when blocking attacks.
   EV:        It affects your evasion (-5).
   rElec:     It insulates you from electricity.
   rN:        It protects you from negative energy.
   Will:      It increases your willpower.
 L - a +3 kite shield
 M - a +3 tower shield
 N - +5 gold dragon scales
 O - +5 fire dragon scales (worn)
Jewellery
 v - a ring of flight
 x - a ring of fire
 y - a +4 ring of evasion
 z - the necklace of Bloodlust {*Rage Will++ Int-3 Slay+6}
   (You found it in the Dungeon)

   [amulet of nothing]

   It extends the wearer's berserk rage when killing foes.
   Int:       It affects your intelligence (-3).
   Slay:      It affects your accuracy & damage with ranged weapons and melee
   (+6).
   *Rage:     It berserks you when you make melee attacks (+50% chance).
   Will:      It greatly increases your willpower.
 A - a +6 ring of strength (left hand)
 B - a +6 ring of strength
 K - a ring of magical power
 P - the amulet "Kaugon" (around neck) {Spirit *Slow rC++ Str+4}
   (You found it in the Dungeon)

   [amulet of guardian spirit]

   It causes incoming damage to be divided between your reserves of health and
   magic.
   Str:       It affects your strength (+4).
   rC:        It greatly protects you from cold.
   *Slow:     It may slow you when you take damage.
 Q - the amulet "Qissuof" {Acrobat Fly rPois Will- SInv}
   (You found it in the Dungeon)

   [amulet of the acrobat]

   It increases your evasion while moving and waiting.
   rPois:     It protects you from poison.
   SInv:      It lets you see invisible.
   Fly:       It grants you flight.
   Will:      It decreases your willpower.
 R - a +4 ring of evasion
 S - an amulet of magic regeneration
 V - the ring of Agnosticism (right hand) {rElec rPois rC- rN+ Int+4}
   (You found it in the Dungeon)

   [ring of positive energy]

   Int:       It affects your intelligence (+4).
   rC:        It makes you vulnerable to cold.
   rElec:     It insulates you from electricity.
   rPois:     It protects you from poison.
   rN:        It protects you from negative energy.
 W - an amulet of reflection
 X - a +6 ring of intelligence
 Z - the ring "Plog" {rC- rCorr Str+6 Dex+2}
   (You found it in the Dungeon)

   [ring of strength]

   Str:       It affects your strength (+6).
   Dex:       It affects your dexterity (+2).
   rC:        It makes you vulnerable to cold.
   rCorr:     It protects you from acid and corrosion.
Wands
 s - a wand of mindburst (7)
 t - a wand of iceblast (7)
 u - a wand of quicksilver (7)
Scrolls
 i - 4 scrolls of blinking
 o - 4 scrolls of amnesia
 p - 7 scrolls of fog
 q - 5 scrolls of identify
 r - 2 scrolls of fear
 T - a scroll of brand weapon
 Y - 4 scrolls of enchant weapon
Potions
 c - a potion of ambrosia
 d - 10 potions of curing
 e - 5 potions of heal wounds
 f - 13 potions of haste
 g - 7 potions of magic
 h - a potion of berserk rage
 j - 2 potions of brilliance
 k - a potion of invisibility
 l - 4 potions of resistance
 n - 5 potions of might
Miscellaneous
 m - a phantom mirror
 C - a lightning rod (4/4)
 U - a condenser vane


   Skills:
 - Level 15.3 Fighting
 - Level 22.9 Axes
 - Level 14.1 Armour
 - Level 2.4 Dodging
 - Level 1.5 Stealth
 - Level 12.0 Shields
 + Level 13.5 Spellcasting
 + Level 17.2 Summonings
 - Level 22.4 Invocations


You had 28 spell levels left.
You knew the following spells:

 Your Spells              Type           Power      Damage    Failure   Level
a - Summon Small Mammal   Summ           100%       N/A       0%          1
b - Summon Cactus Giant   Summ           27%        N/A       2%          6
c - Summon Mana Viper     Hex/Summ       33%        N/A       14%         5

Your spell library contained the following spells:

 Spells                   Type           Power      Damage    Failure   Level
 Call Imp                 Summ           55%        N/A       1%          2
 Animate Armour           Summ/Erth      66%        N/A       5%          4
 Summon Ice Beast         Ice/Summ       33%        N/A       5%          4
 Summon Forest            Summ/Tloc      16%        N/A       14%         5
 Apportation              Tloc           18%        N/A       19%         1
 Beastly Appendage        Tmut           18%        N/A       19%         1
 Foxfire                  Conj/Fire      36%        2x1d5     19%         1
 Magic Dart               Conj           36%        1d4       19%         1
 Necrotise                Necr           36%        1d5       19%         1
 Sting                    Tmut/Pois      36%        1d4       19%         1
 Scorch                   Fire           18%        2d6       26%         2
 Wereblood                Tmut           9%         N/A       26%         2
 Frozen Ramparts          Ice            18%        1d9       47%         3
 Gell's Gravitas          Tloc           9%         N/A       47%         3
 Inner Flame              Hex/Fire       9%         N/A       47%         3
 Lesser Beckoning         Tloc           9%         N/A       47%         3
 Mephitic Cloud           Conj/Pois/Air  9%         N/A       47%         3
 Stone Arrow              Conj/Erth      18%        3d8       47%         3
 Swiftness                Air            9%         N/A       47%         3
 Teleport Other           Tloc           9%         N/A       47%         3
 Tukima's Dance           Hex            9%         N/A       47%         3
 Vampiric Draining        Necr           9%         2d6       47%         3
 Summon Horrible Things   Summ           27%        N/A       69%         8
 Anguish                  Hex/Necr       4%         N/A       87%         4
 Flame Wave               Conj/Fire      9%         2d6       87%         4
 Fulminant Prism          Conj/Hex       4%         3d6       87%         4
 Ice Form                 Ice/Tmut       9%         N/A       87%         4
 Iskenderun's Mystic Bla  Conj/Tloc      9%         2d4       87%         4
 Agony                    Necr           9%         N/A       99%         5
 Alistair's Intoxication  Tmut/Pois      6%         N/A       99%         5
 Freezing Cloud           Conj/Ice/Air   4%         6-21      99%         5
 Lee's Rapid Deconstruct  Erth           4%         3d6*      99%         5
 Silence                  Hex/Air        4%         N/A       99%         5
 Malign Gateway           Summ/Tloc      16%        N/A       99%         7
 Conjure Ball Lightning   Conj/Air       4%         3x3d6     100%        6
 Dispersal                Tloc           4%         N/A       100%        6
 Dragon Form              Tmut           4%         N/A       100%        7
 Enfeeble                 Hex            4%         N/A       100%        7
 Storm Form               Tmut/Air       4%         N/A       100%        7
 Lehudib's Crystal Spear  Conj/Erth      4%         10d3      100%        8
 Chain Lightning          Conj/Air       4%         3d6       100%        9
 Dragon's Call            Summ           27%        N/A       100%        9
 Fire Storm               Conj/Fire      4%         8d1       100%        9
 Shatter                  Erth           4%         3d8*      100%        9


Dungeon Overview and Level Annotations

Branches:
Dungeon (1/1)

Altars:
Ashenzari
Cheibriados
Dithmenos
Elyvilon
Fedhas
Gozag
Hepliaklqana
Kikubaaqudgha
Makhleb
Nemelex Xobeh
Okawaru
Qazlal
Ru
Sif Muna
Trog
Uskayaw
Vehumet
Wu Jian
Xom
Yredelemnul
Zin
The Shining One
Beogh
Jiyva
Lugonu


Message History

You are no longer entranced.
You kill the iron dragon!
Qazlal accepts your kill.
Visions of slaying the iron dragon flood into your mind.
Your ufetubus hits the iron dragon. x2
Unknown command.
Unknown command.
Unknown command.
Unknown command.
You catch the helpless iron golem completely off-guard!
You open the iron golem like a pillowcase!!!
The iron golem is heavily damaged.
Visions of slaying the iron golem flood into your mind.
You are no longer berserk.
You are exhausted.
You feel yourself slow down.
Your ufetubus hits the iron dragon but does no damage.
Your ufetubus barely misses the iron dragon.
The iron dragon bites your ynoxinul!
The iron dragon barely misses your ynoxinul.
The iron dragon tramples your ynoxinul.
Your ynoxinul holds its ground!
Your ice devil is engulfed in blazing flames.
You kill your ice devil!
Your ice devil disappears in a puff of smoke!
Unknown command.
Unknown command.
Okay, then.
Blink to where?
Press: ? - help, Dir - move target
Okay, then.
You feel much better.
Your ufetubus hits the iron dragon but does no damage.
Your ufetubus barely misses the iron dragon.
Your ynoxinul hits the iron dragon but does no damage.
Your ufetubus hits the iron dragon.
Your ufetubus hits the iron dragon but does no damage.
The iron dragon completely misses your ynoxinul. x2
The iron dragon tramples your ynoxinul.
Your ynoxinul holds its ground!
The iron golem hits you!!
You die...

▓...}:)[|)"...▓..|.:.}
▓.............▓...))..
▓.....).......▓...))))
▓.............▓.......
▓......5......▓...))..
▓....§5°5.....▓.......
..▓.DD5§..▓..▓..▓....
▓ ▓.▓93355▓.▓ ▓.......
▓..▓.@3☼5..▓..▓.....©.
▓.....☼§......▓▓▓▓▓▓▓▓
▓..☼§.§©......▓..}.8©8
▓▓▓▓▓▓▓▓▓▓▓▓▓▓▓...)...
▓..=.}|. ▓....)).
▓....).. ▓......)
▓.....††


You could see an iron golem (mesmerising, unable to see you, ally target), 2
iron dragons, a friendly smoke demon (summoned), 2 friendly ynoxinuls and 7
friendly ufetubi.

Vanquished Creatures
  A caustic shrike (D)
  A searing wretch (D)
  5 ancient champions (D)
  A death cob (D)
  5 fire giants (D)
  4 iron dragons (D)
  2 quicksilver elementals (D)
  10 war gargoyles (D)
  A yellow draconian (D)
  4 green draconians (D)
  2 black draconians (D)
  4 red draconians (D)
  2 purple draconians (D)
  2 white draconians (D)
  A salamander tyrant (D)
  A stoker (D)
  A dancing weapon (D)
  2 hell hogs (D)
  2 orc knights (D)
  A deep elf zephyrmancer (D)
  A deep elf pyromancer (D)
  An orc sorcerer (D)
  3 draconians (D)
  3 cane toads (D)
  A komodo dragon (D)
  2 tormentors (D)
  A hellion (D)
  A red devil (D)
  A polar bear (D)
  5 yaks (D)
  A fire elemental (D)
  2 basilisks (D)
  3 wargs (D)
  A floating eye (D)
  A hell hound (D)
  7 orc warriors (D)
  3 ogres (D)
  4 bullfrogs (D)
  A necrophage (D)
  A gnoll sergeant (D)
  A wight (D)
  A crimson imp (D)
  2 jellies (D)
  4 orc priests (D)
  An iguana (D)
  An orc wizard (D)
  An ufetubus (D)
  3 orcs (D)
  A bat skeleton (D)
  An endoplasm (D)
  A jackal (D)
  A ball python skeleton (D)
  A ball python zombie (D)
  A giant cockroach zombie (D)
  2 jackal skeletons (D)
  A fire vortex (D)
118 creatures vanquished.

Vanquished Creatures (collateral kills)
  A hell hog (D)
  A water elemental (D)
  A water moccasin (D)
  An orc priest (D)
  2 orc wizards (D)
  A fire vortex (D)
7 creatures vanquished.

Vanquished Creatures (others)
  A stoker (D)
  A fire vortex (D)
2 creatures vanquished.

Grand Total: 127 creatures vanquished

Notes
Turn   | Place    | Note
-------+----------+-------------------------------------------
     0 | D        | Hubris850 the Hill Orc Monk began the quest for the Orb.
     0 | D        | Reached XP level 1. HP: 19/19 MP: 1/1
     0 | D        | Found a shimmering blue altar of Sif Muna.
     0 | D        | Found a sacrificial altar of Ru.
     0 | D        | Found a bloodstained altar of Trog.
     0 | D        | Found a stormy altar of Qazlal.
     0 | D        | Found an iron altar of Okawaru.
     0 | D        | Found a sparkling altar of Nemelex Xobeh.
     0 | D        | Found a blossoming altar of Fedhas.
     0 | D        | Found the +6 Majin-Bo {vamp, MP+6 Int+6}
     0 | D        | Found the +9 heavy crossbow "Sniper" {vorpal, Acc+∞ SInv}
     0 | D        | Found the +10 dark maul {vorpal}
     0 | D        | Found the +15 Maxwell's patent armour {-Cast -Tele rElec
                  | Will+ rCorr}
     0 | D        | Found the +18 shield of the Gong {rElec rN+ Will+ EV-5}
     0 | D        | Found the +14 obsidian axe {vorpal, Mesm Drain Fly SInv}
     0 | D        | Found the +7 great mace "Firestarter" {inner flame, rF++}
     0 | D        | Found the +6 shillelagh "Devastator" {shatter}
     0 | D        | Found the +11 plutonium sword {Contam Stlth-}
     0 | D        | Found the +8 lance "Wyrmbane" {slay drac, rPois rF+ rC+
                  | AC+3}
     0 | D        | Found the +9 sword of Zonguldrok {reap}
     0 | D        | Found the +13 scythe of Curses {drain, Drain}
     0 | D        | Found the +5 sword of Power {vorpal}
     0 | D        | Found the +7 mace of Variability {chain chaos}
     0 | D        | Found the +7 Singing Sword {vorpal, sonic wave}
     0 | D        | Found the +8 storm bow {elec, penet}
     2 | D        | Found a transporter.
     2 | D        | Found an ancient bone altar of Kikubaaqudgha.
     2 | D        | Found a viscous altar of Jiyva.
     2 | D        | Found a corrupted altar of Lugonu.
     2 | D        | Found a hazy altar of Hepliaklqana.
     2 | D        | Found a burning altar of Makhleb.
     2 | D        | Found an opulent altar of Gozag.
    28 | D        | Became a worshipper of Qazlal Stormbringer
    28 | D        | Reached * piety under Qazlal
    28 | D        | Reached ** piety under Qazlal
    79 | D        | Reached XP level 2. HP: 26/26 MP: 1/5
    80 | D        | Entered arena 2.
    80 | D        | Noticed a yak
    80 | D        | Found a transporter.
    84 | D        | Killed a yak
    85 | D        | Reached XP level 3. HP: 30/31 MP: 1/8
    85 | D        | Reached XP level 4. HP: 38/39 MP: 1/9
    85 | D        | Reached XP level 5. HP: 43/45 MP: 1/10
    91 | D        | Got Kyngoib's Almanac of Shifting Conduction
   156 | D        | Entered arena 3.
   156 | D        | Noticed a red devil
   156 | D        | Found a transporter.
   171 | D        | Killed a red devil
   171 | D        | Reached *** piety under Qazlal
   172 | D        | Reached XP level 6. HP: 23/51 MP: 5/13
   332 | D        | Entered arena 4.
   332 | D        | Found the +7 Spriggan's Knife {stab, EV+4 Stlth+}
   332 | D        | Noticed a deep elf zephyrmancer
   332 | D        | Noticed a water elemental
   332 | D        | Noticed a +0 mace of draining
   332 | D        | Noticed a deep elf pyromancer
   332 | D        | Found a transporter.
   337 | D        | Killed a deep elf pyromancer
   337 | D        | Killed a +0 mace of draining
   338 | D        | Reached skill level 10 in Armour
   338 | D        | Reached XP level 7. HP: 19/57 MP: 8/16
   338 | D        | Reached XP level 8. HP: 21/64 MP: 8/17
   338 | D        | Killed a water elemental
   341 | D        | Killed a deep elf zephyrmancer
   342 | D        | Reached XP level 9. HP: 22/70 MP: 9/18
   567 | D        | Entered arena 5.
   567 | D        | Found a transporter.
   568 | D        | Reached **** piety under Qazlal
   575 | D        | Got the Vademecum on Conflict
   594 | D        | Entered arena 6.
   594 | D        | Noticed a draconian
   594 | D        | Noticed a purple draconian
   594 | D        | Noticed a death cob
   594 | D        | Noticed a draconian
   594 | D        | Noticed a draconian
   594 | D        | Found a transporter.
   599 | D        | Killed a death cob
   600 | D        | Killed a draconian
   601 | D        | Reached XP level 10. HP: 42/77 MP: 17/21
   601 | D        | Killed a purple draconian
   602 | D        | Reached skill level 15 in Invocations
   603 | D        | Killed a draconian
   603 | D        | Reached ***** piety under Qazlal
   607 | D        | Killed a draconian
   615 | D        | Got the amulet "Kaugon" {Spirit *Slow rC++ Str+4}
   617 | D        | Got the amulet "Qissuof" {Acrobat Fly rPois Will- SInv}
   842 | D        | Entered arena 7.
   842 | D        | Noticed a hell hog
   842 | D        | Noticed a hell hog
   843 | D        | Found a transporter.
   849 | D        | Killed a hell hog
   849 | D        | Killed a hell hog
   865 | D        | Got the Writings on the Nocuous Congregation
   868 | D        | Entered arena 8.
   868 | D        | Noticed a cane toad
   869 | D        | Found a transporter.
   870 | D        | Reached ****** piety under Qazlal
   871 | D        | Reached skill level 5 in Fighting
   871 | D        | Reached XP level 11. HP: 61/88 MP: 13/23
   888 | D        | Entered arena 9.
   889 | D        | Found a transporter.
  1074 | D        | Entered arena 10.
  1075 | D        | Found a transporter.
  1090 | D        | Got the ring of Agnosticism {rElec rPois rC- rN+ Int+4}
  1102 | D        | Entered arena 11.
  1103 | D        | Found a transporter.
  1116 | D        | Got Hackaa Erphie's Catalogue of Remoulded Interference
  1127 | D        | Entered arena 12.
  1127 | D        | Noticed a salamander tyrant
  1127 | D        | Noticed a hell hog
  1127 | D        | Noticed a stoker
  1127 | D        | Noticed a searing wretch
  1127 | D        | Noticed a fire giant
  1127 | D        | Noticed a fire giant
  1127 | D        | Noticed a fire giant
  1128 | D        | Identified the +8 morningstar of Nemelex Xobeh, Malding
                  | {venom, rPois}
  1128 | D        | Noticed a fire giant
  1128 | D        | Noticed a stoker
  1128 | D        | Noticed a fire giant
  1129 | D        | Killed a hell hog
  1130 | D        | Killed a fire giant
  1130 | D        | Killed a stoker
  1130 | D        | Killed a fire giant
  1132 | D        | Killed a searing wretch
  1134 | D        | Found a transporter.
  1135 | D        | Killed a fire giant
  1136 | D        | Reached XP level 12. HP: 37/115 MP: 1/26
  1136 | D        | Killed a fire giant
  1136 | D        | Killed a stoker
  1139 | D        | Killed a fire giant
  1140 | D        | Reached skill level 15 in Fighting
  1142 | D        | Killed a salamander tyrant
  1270 | D        | Got the ring "Plog" {rC- rCorr Str+6 Dex+2}
  1272 | D        | Got the Excursus on Fulgurous Interference
  1277 | D        | Learned a level 1 spell: Summon Small Mammal
  1417 | D        | Entered arena 13.
  1419 | D        | Found a transporter.
  1423 | D        | Reached skill level 1 in Spellcasting
  1423 | D        | Reached skill level 1 in Summonings
  1435 | D        | Got the Atlas of Translocated Moulding
  1451 | D        | Acquired a +2 hat of willpower
  1459 | D        | Got the +2 buckler of Tulips {rElec MP+9 Dex+7 Stlth-}
  1508 | D        | Learned a level 6 spell: Summon Cactus Giant
  1508 | D        | Entered arena 14.
  1513 | D        | Reached skill level 5 in Summonings
  1523 | D        | Found a transporter.
  1552 | D        | Entered arena 15.
  1552 | D        | Noticed a caustic shrike
  1552 | D        | Noticed a war gargoyle
  1552 | D        | Noticed a war gargoyle
  1552 | D        | Noticed an iron dragon
  1552 | D        | Noticed an ancient champion
  1552 | D        | Noticed an iron dragon
  1553 | D        | Killed a war gargoyle
  1553 | D        | Noticed a war gargoyle
  1554 | D        | Reached skill level 5 in Shields
  1554 | D        | Reached skill level 5 in Spellcasting
  1554 | D        | Killed a caustic shrike
  1554 | D        | Killed a war gargoyle
  1554 | D        | Killed a war gargoyle
  1554 | D        | Noticed an iron dragon
  1554 | D        | Noticed an ancient champion
  1555 | D        | Reached XP level 13. HP: 127/127 MP: 25/28
  1555 | D        | Noticed a war gargoyle
  1555 | D        | Found the necklace of Bloodlust {*Rage Will++ Int-3 Slay+6}
  1555 | D        | Noticed a war gargoyle
  1556 | D        | Noticed a quicksilver elemental
  1557 | D        | Killed a war gargoyle
  1557 | D        | Killed an iron dragon
  1557 | D        | Killed an ancient champion
  1557 | D        | Killed a war gargoyle
  1557 | D        | Killed an ancient champion
  1557 | D        | Killed an iron dragon
  1557 | D        | Killed an iron dragon
  1558 | D        | Found a transporter.
  1569 | D        | Killed a quicksilver elemental
  1715 | D        | Entered arena 16.
  1715 | D        | Noticed a green draconian
  1715 | D        | Noticed a purple draconian
  1715 | D        | Noticed a red draconian
  1715 | D        | Noticed a yellow draconian
  1715 | D        | Noticed a black draconian
  1716 | D        | Noticed a red draconian
  1716 | D        | Noticed a red draconian
  1716 | D        | Noticed a white draconian
  1716 | D        | Noticed a green draconian
  1716 | D        | Noticed a green draconian
  1716 | D        | Noticed a white draconian
  1716 | D        | Noticed a black draconian
  1716 | D        | Noticed a green draconian
  1717 | D        | Killed a green draconian
  1717 | D        | Killed a green draconian
  1717 | D        | Killed a purple draconian
  1717 | D        | Killed a white draconian
  1717 | D        | Killed a red draconian
  1717 | D        | Killed a white draconian
  1717 | D        | Killed a green draconian
  1717 | D        | Noticed a red draconian
  1718 | D        | Reached skill level 10 in Spellcasting
  1718 | D        | Killed a red draconian
  1718 | D        | Killed a black draconian
  1718 | D        | Killed a yellow draconian
  1719 | D        | Reached XP level 14. HP: 121/135 MP: 23/29
  1720 | D        | Found a transporter.
  1721 | D        | Killed a black draconian
  1722 | D        | Killed a red draconian
  1730 | D        | Killed a red draconian
  1733 | D        | Killed a green draconian
  1905 | D        | Learned a level 5 spell: Summon Mana Viper
  1905 | D        | Entered arena 17.
  1909 | D        | Noticed an ancient champion
  1909 | D        | Noticed an ancient champion
  1909 | D        | Noticed a war gargoyle
  1909 | D        | Noticed a war gargoyle
  1909 | D        | Noticed a war gargoyle
  1909 | D        | Noticed a war gargoyle
  1910 | D        | Noticed a quicksilver elemental
  1911 | D        | Killed a war gargoyle
  1912 | D        | Reached skill level 15 in Summonings
  1912 | D        | Noticed a war gargoyle
  1912 | D        | Noticed an iron dragon
  1912 | D        | Found the amulet of the Four Winds {rN+ Will+++ Clar}
  1912 | D        | Noticed an ancient champion
  1913 | D        | Noticed an iron dragon
  1915 | D        | Noticed an iron dragon
  1919 | D        | Killed an ancient champion
  1921 | D        | Killed a war gargoyle
  1923 | D        | Killed a war gargoyle
  1923 | D        | Killed a quicksilver elemental
  1923 | D        | Killed an ancient champion
  1924 | D        | Killed a war gargoyle
  1928 | D        | Killed an ancient champion
  1930 | D        | Killed a war gargoyle
  1934 | D        | HP: 4/202 [iron dragon (12)]
  1936 | D        | Killed an iron dragon
  1938 | D        | Slain by an iron golem

Illustrated notes

Levels and vault maps discovered:
D:        sprint_v [room_start, room_1, room_2, room_3, room_4, room_5, room_6,
          room_7, room_8, room_9, room_10, room_11, room_12, room_13, room_14,
          room_15, room_16, room_17, room_18, room_19, room_20, room_21,
          room_22, room_23, room_24, room_25, room_26, room_27]

Skill      XL: |  1  2  3  4  5  6  7  8  9 10 11 12 13 14 |
---------------+-------------------------------------------+-----
Axes           | 8 11 13 17 18 20 22 | 22.9
Armour         | 3 6 7 10 11 12 14 | 14.1
Invocations    | 4 7 9 12 13 14 17 21 22 | 22.4
Fighting       | 5 13 15 | 15.3
Spellcasting   | 6 10 13 | 13.5
Summonings     | 8 13 17 | 17.2
Shields        | 7 12 | 12.0
Dodging        | |  2.4
Stealth        | |  1.5

Action                   |  1- 3 |  4- 6 |  7- 9 | 10-12 | 13-15 || total
-------------------------+-------+-------+-------+-------+-------++-------
Melee: Broad axe         |     3 |    14 |     8 |    63 |    34 ||   122
 Cast: Summon Mana Viper |       |       |       |       |     1 ||     1
       Summon Cactus Gia |       |       |       |       |     1 ||     1
Invok: Upheaval          |       |     2 |     2 |     6 |     3 ||    13
       Elemental Force   |       |     1 |       |       |       ||     1
       Disaster Area     |       |       |       |     2 |     2 ||     4
  Use: Potion            |     1 |       |     1 |     3 |     5 ||    10
       Scroll            |       |       |       |     1 |       ||     1
 Stab: Distracted        |       |     1 |     1 |       |     1 ||     3
       Invisible         |       |       |       |       |     8 ||     8
Armor: Gold dragon scale |     3 |    14 |     4 |    26 |     7 ||    54
       Fire dragon scale |       |       |       |       |    15 ||    15
Dodge: Dodged            |       |     4 |     3 |    15 |    11 ||    33
       Repelled          |       |       |       |     1 |     4 ||     5
Block: Other             |       |     2 |       |    12 |       ||    14
       Buckler           |       |       |       |     9 |    33 ||    42

Table legend: (Time is in decaauts)
 A = Elapsed time spent in this place.
 B = Non-inter-level travel time spent in this place.
 C = Inter-level travel time spent in this place.
 D = Time resting spent in this place.
 E = Time spent auto-exploring this place.
 F = Levels seen in this place.
 G = Mean time per level.
                   A        B        C        D        E       F      G
               +--------+--------+--------+--------+--------+-----+--------+
         Total |   1916 |   1916 |      0 |   1347 |      0 |   1 | 1916.0 |
       Dungeon |   1916 |   1916 |      0 |   1347 |      0 |   1 | 1916.0 |
               +--------+--------+--------+--------+--------+-----+--------+

Top non-repeatable levels by time:
       D: 1916 daAuts
